 Dungeon Crawl Stone Soup version 0.23-a0-577-g2b1de94 (webtiles) character file.

1020 Deeps the Cleaver (level 8, 0/64 HPs)
             Began as a Hill Orc Fighter on Dec 15, 2018.
             Killed from afar by Dowan (5 damage)
             ... with a stone arrow
             ... on level 6 of the Dungeon.
             The game lasted 00:10:39 (5149 turns).

Deeps the Cleaver (Hill Orc Fighter)                Turns: 5149, Time: 00:10:39

Health: 0/64       AC: 10    Str: 21    XL:     8   Next: 22%
Magic:  8/8        EV:  7    Int:  8    God:
Gold:   211        SH:  0    Dex: 12    Spells: 7/7 levels left

rFire    + . .     SeeInvis .   a - +0 war axe
rCold    . . .     Gourm    .   (no shield)
rNeg     . . .     Faith    .   i - +1 chain mail
rPois    .         Spirit   .   (helmet restricted)
rElec    .         Reflect  .   (no cloak)
rCorr    .         Harm     .   (no gloves)
MR       .....                  (no boots)
Stlth    ..........             (no amulet)
HPRegen  0.20/turn              d - ring of stealth {Stlth+}
MPRegen  0.11/turn              n - ring of protection from fire {rF+, !d}

@: no status effects
A: horns 1, agile 1, blink
a: Blink


You were on level 6 of the Dungeon.
You were near starving.

You visited 1 branch of the dungeon, and saw 6 of its levels.

You collected 211 gold pieces.

Inventory:

Hand Weapons
 a - a +0 war axe (weapon)
 c - a +2 flail of holy wrath
   (You took it off an orc priest on level 4 of the Dungeon)
Missiles
 b - 6 curare-tipped needles
Armour
 i - a +1 chain mail (worn)
   (You found it on level 2 of the Dungeon)
Jewellery
 d - a ring of stealth (left hand) {Stlth+}
   (You found it on level 5 of the Dungeon)
 j - an uncursed ring of see invisible {sInv, !d}
   (You found it on level 1 of the Dungeon)
 k - an uncursed ring of positive energy {rN+}
   (You found it on level 1 of the Dungeon)
 m - an uncursed ring of magical power {MP+9}
   (You found it on level 2 of the Dungeon)
 n - a ring of protection from fire (right hand) {rF+, !d}
   (You found it on level 2 of the Dungeon)
Wands
 e - a wand of paralysis (6)
   (You found it on level 5 of the Dungeon)
 r - a wand of iceblast (10)
   (You found it on level 2 of the Dungeon)
Scrolls
 g - 6 scrolls of identify
Potions
 h - 2 potions of ambrosia
 l - a potion of curing
Comestibles
 f - 6 rations


   Skills:
 - Level 3.6 Fighting
 + Level 12.1 Axes
 - Level 3.2 Armour
   Level 3.2 Shields


You had 7 spell levels left.
You didn't know any spells.
Your spell library was empty.

Dungeon Overview and Level Annotations

Branches:
Dungeon (6/15)
 Temple: D:4-7

Altars:
Fedhas
Makhleb
Nemelex Xobeh
Zin
The Shining One

Shops:
D:6 [!*

Portals:
Ossuary: D:6

Annotations:
D:5 ragingrage's ghost, novice DsCK
D:6 Dowan; Edmund


Innate Abilities, Weirdness & Mutations

You have a pair of small horns on your head.
You are agile. (Dex +2)
You can translocate small distances at will.


Message History

You slash the ice beast!
The ice beast hits you but does no damage.
You hit the ice beast but do no damage.
The ice beast hits you but does no damage.
You slash the ice beast!
You kill the ice beast!
You feel your intelligence returning.
You have reached level 8!
You regained 6 hp, and now have 54/64 hp.
MP restored: 8 You see here a hunting sling.
Duvessa and Dowan come into view.
Duvessa shouts!
Dowan picks up a potion of brilliance.
Duvessa moves out of view.
Found a potion of curing and 16 gold pieces.
Found a sand-covered staircase.
A shadow imp comes into view.
The shadow imp shouts!
A water moccasin skeleton comes into view.
Dowan points at you and mumbles some strange words.
The puff of flame hits you! You resist.
Found a potion of curing.
Found Cacvimos's Assorted Antiques.
Unknown command.
Dowan says, "Stay away from my face!"
Dowan mumbles some strange words.
Dowan blinks!
Okay, then.
You hit Duvessa. You headbutt Duvessa, but do no damage.
You closely miss Duvessa. You headbutt Duvessa.
Duvessa hits you with a +0 short sword.
You take 3 damage, and have 54/64 hp.
You barely miss Duvessa. Duvessa hits you but does no damage.
Your chain mail prevents you from hitting Duvessa.
Duvessa hits you with a +0 short sword.
You take 3 damage, and have 52/64 hp.
You hit Duvessa. Duvessa hits you with a +0 short sword.
You take 5 damage, and have 47/64 hp.
You hit Duvessa. Duvessa hits you but does no damage.
You hit Duvessa but do no damage. You headbutt Duvessa, but do no damage.
Duvessa hits you but does no damage.
Dowan points at you and mumbles some strange words.
The puff of frost hits you!
You take 7 damage, and have 40/64 hp.
You slash Duvessa! Duvessa hits you but does no damage.
You closely miss Duvessa. Duvessa hits you but does no damage.
Unknown command.
You hit Duvessa. Duvessa hits you but does no damage.
You hit Duvessa but do no damage. You headbutt Duvessa.
Duvessa hits you with a +0 short sword.
You take 1 damage, and have 40/64 hp.
You hit Duvessa. Duvessa hits you with a +0 short sword.
You take 2 damage, and have 38/64 hp.
You closely miss Duvessa. You headbutt Duvessa.
You kill Duvessa!
Dowan screams, "No!
No!"
Dowan seems to find hidden reserves of power!
You feel your intelligence returning.
You barely miss the water moccasin skeleton.
You headbutt the water moccasin skeleton.
The water moccasin skeleton barely misses you.
You slash the water moccasin skeleton!
Your headbutt misses the water moccasin skeleton.
The water moccasin skeleton bites you.
You take 4 damage, and have 35/64 hp.
You hit the water moccasin skeleton.
You headbutt the water moccasin skeleton.
You barely miss Dowan. Dowan hits you but does no damage.
The water moccasin skeleton bites you but does no damage.
Dowan hits you but does no damage.
You slash the water moccasin skeleton! You hit Dowan but do no damage.
Dowan completely misses you.
The water moccasin skeleton barely misses you.
You slash the water moccasin skeleton!
You destroy the water moccasin skeleton!
Your Axes skill increases to level 12!
You hit Dowan but do no damage. Dowan hits you but does no damage.
Unknown command.
You hit Dowan. You closely miss the shadow imp.
Dowan hits you but does no damage. x2
You hit Dowan. Your headbutt misses Dowan.
You hit the shadow imp but do no damage.
The shadow imp hits you. Dowan hits you but does no damage.
You take 2 damage, and have 33/64 hp.
You hit Dowan. You barely miss the shadow imp.
Dowan mumbles some strange words.
Dowan blinks!
The shadow imp hits you.
You take 1 damage, and have 32/64 hp.
Edmund the Younger comes into view.
He is wielding a +2 dire flail of Edmund shouts!
You slash the shadow imp! The shadow imp barely misses you.
Dowan points at you and mumbles some strange words.
The shard of ice hits you!
* * * LOW HITPOINT WARNING * * *
You take 24 damage, and have 8/64 hp.
MASSIVE DAMAGE!!
You blink.
You feel slightly more hungry. Dowan casts a spell at you.
The stone arrow hits you!
You die...

#.............#......
#........####........
##.#.....# #..##.##..
#.#.....###..#...#.#.
#.#.....5).....∩..!..
#....§####.#...#...
#.............#....
#....e##...........
#.@........$......#
#......................
#.#............$.......
#.....@..........∩...
#......##... #.#....#
#. .∩.....# ##.#.....


You could see Edmund, Dowan and a shadow imp.

Vanquished Creatures
  Duvessa (D:6)
  An ice beast (D:6)
  3 ogres (D:4)
  A water moccasin skeleton (D:6)
  A bullfrog zombie (D:4)
  3 hounds
  An orc wizard (D:4)
  An orc priest (D:4)
  A bullfrog skeleton (D:5)
  Natasha (D:2)
  An iguana (D:3)
  2 worker ants
  8 adders
  2 oozes
  An adder zombie (D:5)
  2 adder skeletons
  2 worms
  3 dart slugs
  6 leopard geckos
  10 orcs
  8 giant cockroaches
  6 goblins
  9 hobgoblins
  5 jackals
  2 quokkas (D:4)
  4 ball pythons (D:1)
  11 bats
  5 frilled lizards
  A giant cockroach zombie (D:5)
  13 kobolds
  A leopard gecko skeleton (D:5)
  6 rats
122 creatures vanquished.

Vanquished Creatures (others)
  A giant cockroach (D:3)
  A goblin (D:3)
2 creatures vanquished.

Grand Total: 124 creatures vanquished

Notes
Turn   | Place    | Note
-------+----------+-------------------------------------------
     0 | D:1      | Deeps the Hill Orc Fighter began the quest for the Orb.
     0 | D:1      | Reached XP level 1. HP: 19/19 MP: 1/1
    43 | D:1      | Reached skill level 3 in Axes
    80 | D:1      | You fall through a shaft!
    84 | D:2      | Reached XP level 2. HP: 15/26 MP: 2/2
   246 | D:2      | Reached skill level 4 in Axes
   252 | D:2      | HP: 5/26 [adder (3)]
   255 | D:2      | Reached XP level 3. HP: 5/31 MP: 3/3
   258 | D:2      | HP: 4/31 [poisoned by an adder]
   625 | D:2      | Reached skill level 5 in Axes
   766 | D:1      | Reached XP level 4. HP: 39/39 MP: 4/4
  1052 | D:1      | Reached skill level 6 in Axes
  1339 | D:2      | Found a sparkling altar of Nemelex Xobeh.
  1354 | D:2      | Found a glowing silver altar of Zin.
  1354 | D:2      | Found a glowing golden altar of the Shining One.
  1357 | D:2      | Found a blossoming altar of Fedhas.
  1413 | D:2      | Noticed Natasha
  1431 | D:2      | Killed Natasha
  1702 | D:3      | Reached XP level 5. HP: 45/45 MP: 5/5
  1846 | D:3      | Reached skill level 7 in Axes
  1940 | D:3      | Found a burning altar of Makhleb.
  2374 | D:4      | Noticed an ogre
  2382 | D:4      | HP: 9/45 [ogre/+0 giant club (15)]
  2383 | D:4      | Killed an ogre
  2383 | D:4      | Reached skill level 8 in Axes
  2383 | D:4      | Reached XP level 6. HP: 10/51 MP: 6/6
  2387 | D:4      | HP: 7/51 [poisoned by an adder]
  2393 | D:4      | HP: 5/51 [poisoned by an adder]
  2400 | D:4      | HP: 4/51 [poisoned by an adder]
  2408 | D:4      | HP: 3/51 [poisoned by an adder]
  2706 | D:4      | HP: 8/51 [ogre/+0 giant club (15)]
  2713 | D:4      | HP: 6/51 [iguana (3)]
  2731 | D:3      | HP: 4/51 [iguana (5)]
  3013 | D:4      | Gained mutation: You are frail. (-10% HP) [potion of
                  | mutation]
  3013 | D:4      | Gained mutation: You can translocate small distances at
                  | will. [potion of mutation]
  3013 | D:4      | Gained mutation: Scrolls take you a little longer to read.
                  | [potion of mutation]
  3013 | D:4      | Gained mutation: Your flesh is cold resistant. (rC+)
                  | [potion of mutation]
  3014 | D:4      | Lost mutation: Scrolls take you a little longer to read.
                  | [potion of mutation]
  3014 | D:4      | Lost mutation: You are frail. (-10% HP) [potion of
                  | mutation]
  3014 | D:4      | Lost mutation: Your flesh is cold resistant. (rC+) [potion
                  | of mutation]
  3014 | D:4      | Gained mutation: You have a pair of small horns on your
                  | head. [potion of mutation]
  3014 | D:4      | Gained mutation: You are agile. (Dex +2) [potion of
                  | mutation]
  3021 | D:4      | Reached skill level 9 in Axes
  3257 | D:4      | HP: 10/51 [hound (4)]
  3262 | D:4      | HP: 8/51 [hound (1)]
  3270 | D:4      | Reached XP level 7. HP: 37/57 MP: 7/7
  3273 | D:4      | Reached skill level 10 in Axes
  3946 | D:5      | Entered Level 5 of the Dungeon
  4091 | D:5      | Found a transporter.
  4091 | D:5      | Noticed ragingrage's ghost (novice DsCK)
  4103 | D:5      | Found a transporter.
  4404 | D:5      | Reached skill level 11 in Axes
  4757 | D:5      | HP: 12/57 [poisoned by ragingrage's ghost]
  4759 | D:5      | HP: 5/57 [poisoned by ragingrage's ghost]
  4759 | D:5      | HP: 2/57 [ragingrage's ghost (3)]
  5082 | D:6      | Found Zoqaff's Distillery.
  5105 | D:6      | Reached XP level 8. HP: 54/64 MP: 8/8
  5117 | D:6      | Found a sand-covered staircase.
  5117 | D:6      | Noticed Duvessa
  5117 | D:6      | Noticed Dowan
  5118 | D:6      | Found Cacvimos's Assorted Antiques.
  5138 | D:6      | Killed Duvessa
  5143 | D:6      | Reached skill level 12 in Axes
  5147 | D:6      | Noticed Edmund
  5148 | D:6      | HP: 8/64 [Dowan/shard of ice (24)]
  5149 | D:6      | Found Xied's Antique Armour Emporium.
  5149 | D:6      | Killed from afar by Dowan

Vault maps used:
D:1:      dpeg_arrival_tiny_k, minmay_shallow_snake_nest
D:2:      grunt_temple_overflow_open, uniq_natasha
D:3:      nicolae_overflow_crystal_walls, hangedman_decor_riveting,
          lemuel_old_faithful
D:4:      first_ration
D:5:      gammafunk_ghost_arena
D:6:      serial_shops, nicolae_shop_trees, shop, shop,
          nicolae_shop_behind_doors, nicolae_shop_crystal,
          nicolae_ossuary_entry_ruins, st_stairs_5, uniq_duvessa,
          uniq_crazy_yiuf_cottage, uniq_edmund

Skill      XL: |  1  2  3  4  5  6  7  8 |
---------------+-------------------------+-----
Axes           | 3 4 5 6 8 9 11 12 | 12.1
Fighting       | |  3.6
Armour         | |  3.2
Shields        | |  3.2

Action                   |  1- 3 |  4- 6 |  7- 9 || total
-------------------------+-------+-------+-------++-------
Melee: War axe           |   100 |   204 |   124 ||   428
       Headbutt          |       |     3 |    27 ||    30
 Abil: Blink             |       |       |     3 ||     3
  Use: Potion            |       |     7 |     1 ||     8
       Scroll            |       |       |     7 ||     7
  Eat: Chunk             |       |     5 |     4 ||     9
       Ration            |       |     1 |       ||     1
Armor: Scale mail        |    29 |       |       ||    29
       Chain mail        |    28 |   112 |    59 ||   199
Dodge: Dodged            |    28 |    57 |    40 ||   125
Block: Shield            |    63 |    74 |       ||   137

Table legend:
 A = Non-vault XP
 B = Vault XP
 C = Vault XP percentage of total XP
 D = Non-vault monster count
 E = Vault monster count
 F = Vault count percentage of total count
                 A         B        C        D         E       F
            +---------+---------+-------+---------+---------+-------
      Total |    1231 |     227 |  15.6 |     116 |       6 |   4.9
            +---------+---------+-------+---------+---------+-------
        D:1 |      54 |       5 |   8.5 |      29 |       3 |   9.4
        D:2 |      62 |      35 |  36.1 |      15 |       1 |   6.2
        D:3 |     112 |       0 |   0.0 |      33 |       0 |   0.0
        D:4 |     621 |       0 |   0.0 |      20 |       0 |   0.0
        D:5 |     166 |       0 |   0.0 |      13 |       0 |   0.0
        D:6 |     216 |     187 |  46.4 |       6 |       2 |  25.0
            +---------+---------+-------+---------+---------+-------

Vault maps used:
D:1:      dpeg_arrival_tiny_k, minmay_shallow_snake_nest
D:2:      grunt_temple_overflow_open, uniq_natasha
D:3:      nicolae_overflow_crystal_walls, hangedman_decor_riveting,
          lemuel_old_faithful
D:4:      first_ration
D:5:      gammafunk_ghost_arena
D:6:      serial_shops, nicolae_shop_trees, shop, shop,
          nicolae_shop_behind_doors, nicolae_shop_crystal,
          nicolae_ossuary_entry_ruins, st_stairs_5, uniq_duvessa,
          uniq_crazy_yiuf_cottage, uniq_edmund

Table legend:
 A = Turns spent in this place as a percentage of turns spent in the entire game.
 B = Non-inter-level travel turns spent in this place as a percentage of non-inter-level travel turns spent in the entire game.
 C = Inter-level travel turns spent in this place as a percentage of turns spent in this place.
 D = Turns resting spent in this place as a percentage of non-inter-level travel turns spent in this place.
 E = Turns spent auto-exploring this place as a percentage of non-inter-level travel turns spent in this place.
 F = Non-inter-level travel turns spent in this place divided by the number of levels of this place that you've seen.
                   A       B       C       D       E      F
               +-------+-------+-------+-------+-------+----------------------
         Total | 100.0 | 100.0 |   2.1 |  29.5 |  51.8 | 840.5
       Dungeon | 100.0 | 100.0 |   2.1 |  29.5 |  51.8 | 840.5
               +-------+-------+-------+-------+-------+----------------------

Table legend:
 A = Kills in this place as a percentage of kills in entire the game.
 B = Kills by you in this place as a percentage of kills by you in the entire game.
 C = Kills by friends in this place as a percentage of kills by friends in the entire game.
 D = Other kills in this place as a percentage of other kills in the entire game.
 E = Experience gained in this place as a percentage of experience gained in the entire game.
 F = Experience gained in this place divided by the number of levels of this place that you have seen.
                   A       B       C       D       E      F
               +-------+-------+-------+-------+-------+----------------------
         Total | 100.0 | 100.0 |   N/A |   N/A | 100.0 | 243.0
       Dungeon | 100.0 | 100.0 |   N/A |   N/A | 100.0 | 243.0
               +-------+-------+-------+-------+-------+----------------------
